 Dungeon Crawl Stone Soup version 0.31-a0-217-g58bb5d79cf (webtiles) character file.

Game seed: 10965781452102732522

85 qw the Chopper (level 4, -2/28 HPs)
             Began as a Gargoyle Fighter on July 2, 2023.
             Slain by an orc
             ... wielding a +0 heavy flail
              (4 damage)
             ... on level 3 of the Dungeon.
             The game lasted 00:00:50 (1328 turns).

qw the Chopper (Gargoyle Fighter)                   Turns: 1328, Time: 00:00:51

Health: -2/28      AC: 11    Str: 21    XL:     4   Next: 48%
Magic:  4/4        EV:  9    Int:  9    God:
Gold:   59         SH:  4    Dex:  9    Spells: 3/3 levels left

rFire   . . .        Y - +1 war axe
rCold   . . .        c - +0 buckler
rNeg    + . .        b - +0 scale mail
rPois   inf          (no helmet)
rElec   +            h - +0 cloak
rCorr   .            (no gloves)
SInv    .            (no boots)
Will    .....        (no amulet) Stlth
                     (no ring)
HPRegen 0.24/turn    (no ring)
MPRegen 0.09/turn

%: no passive effects
@: slowed, very slow
A: sickness immunity, AC +3, negative energy resistance 1, electricity
resistance, torment resistance 1, petrification resistance
a: no special abilities


You were on level 3 of the Dungeon.
You visited 1 branch of the dungeon, and saw 3 of its levels.

You collected 125 gold pieces.
You spent 66 gold pieces at shops.


Innate Abilities, Weirdness & Mutations

You are immune to sickness and miasma.
Your stone body is resilient. (AC +3)
You are immune to poison.
You resist negative energy. (rN+)
You are resistant to electric shocks. (rElec)
You are resistant to unholy torment.
You are immune to petrification.


   Skills:
 - Level 3.2 Fighting
 + Level 4.1 Axes
 - Level 3.2 Armour
 - Level 3.2 Shields


You had 3 spell levels left.
You didn't know any spells.
Your spell library was empty.

Inventory:

Hand Weapons
 g - a +0 whip
 Y - a +1 war axe (weapon)
Armour
 b - a +0 scale mail (worn)
 c - a +0 buckler (worn)
 h - a +0 cloak (worn)
Scrolls
 j - 4 scrolls of identify
Potions
 d - a potion of might

Dungeon Overview and Level Annotations

Branches:
Dungeon (3/15)

Altars:

Shops:
D:1 ?   D:3 [


Message History

Natasha misses you.
An orc comes into view. It is wielding a +0 heavy flail.
The orc priest mumbles some strange prayers to Beogh against you.
Pain shoots through your body!
The orc shouts!
You slash Natasha!
Natasha is heavily wounded.
You hear a shout!
Natasha closely misses you.
The orc priest begins to cast a cantrip, but forgets the words!
Natasha stares at you and mumbles some strange words.
The magic dart hits you.
You closely miss Natasha.
Natasha is heavily wounded.
Natasha claws you but does no damage.
You hit Natasha.
Natasha is severely wounded.
Natasha casts a spell at you. The magic dart hits you.
An orc comes into view. It is wielding a +0 short sword.
You hit Natasha.
Natasha is almost dead.
Natasha stares at you and mumbles some strange words.
The magic dart hits you.
The orc priest hits you from afar with a +0 trident.
The orc priest closely misses you.
Natasha stares at you and mumbles some strange words.
You feel yourself slow down.
You slash Natasha!
You kill Natasha!
Natasha screams in pain as she dies!
You barely miss the orc.
The orc priest hits you but does no damage.
The orc hits you but does no damage.
The orc priest hits you but does no damage.
Your Axes skill increases to level 4!
You closely miss the orc.
The orc priest invokes the aid of Beogh against you.
Beogh smites you! The orc hits you with a +0 heavy flail.
You die...

. .=
#..#########
#.........#
#..\....#
#...<@o.#
#.......#
#..o.o..#
.......####
...>.....
.(.......
.........
..........


You could see an orc priest and 2 orcs.

Vanquished Creatures
  Natasha (D:3)
  An adder (D:2)
  A dart slug (D:1)
  4 endoplasms
  2 giant cockroaches (D:2)
  5 goblins
  7 hobgoblins
  6 jackals
  A quokka (D:2)
  5 ball pythons
  5 bats
  A frilled lizard (D:2)
  5 kobolds
44 creatures vanquished.

Notes
Turn   | Place    | Note
-------+----------+-------------------------------------------
     0 | D:1      | qw the Gargoyle Fighter began the quest for the Orb.
     0 | D:1      | Reached XP level 1. HP: 14/14 MP: 1/1
     0 | D:1      | 0 ||| qw: Version: 0.3-a-40-ge99b1a8
     0 | D:1      | 0 ||| qw: Game counter: 22
     0 | D:1      | 0 ||| qw: Melee chars always use a shield: true
     0 | D:1      | 0 ||| qw: God list: Okawaru
     0 | D:1      | 0 ||| qw: Allow faded altars: false
     0 | D:1      | 0 ||| qw: Do Orc after clearing Dungeon:15 true
     0 | D:1      | 0 ||| qw: Do second Lair branch before Depths: true
     0 | D:1      | 0 ||| qw: Lair rune preference: random
     0 | D:1      | 0 ||| qw: Goals: Normal, Zot:1-4, Slime:5, God:TSO, Crypt,
                  | Tomb, Abyss, Pan, Hells, Win
     0 | D:1      | 0 ||| PLANNING D:1-11
    66 | D:1      | 66 ||| Stepping ~*~*~tactically~*~*~ (stealth).
    85 | D:1      | Reached skill level 2 in Axes
   213 | D:1      | Reached XP level 2. HP: 17/19 MP: 2/2
   223 | D:1      | Found The Oracle's Delphic Readings.
   228 | D:1      | 228 ||| BUYING 2 scrolls of identify (44 gold).
   228 | D:1      | Bought 2 scrolls of identify for 44 gold pieces
   228 | D:1      | 228 ||| SHOPLISTING scroll of enchant armour (82 gold, have
                  | 25).
   228 | D:1      | 228 ||| BUYING scroll of identify (22 gold).
   228 | D:1      | Bought a scroll of identify for 22 gold pieces
   228 | D:1      | 228 ||| SHOPLISTING scroll of teleportation (33 gold, have
                  | 3).
   469 | D:1      | 469 ||| Stepping ~*~*~tactically~*~*~ (stealth).
   481 | D:1      | Reached skill level 3 in Axes
   584 | D:1      | Reached XP level 3. HP: 23/23 MP: 3/3
   684 | D:1      | 684 ||| Stepping ~*~*~tactically~*~*~ (hiding).
   702 | D:1      | 702 ||| DROPPING orb of guile.
   703 | D:1      | 703 ||| READING 4 scrolls labelled ZIPLEPUOLO.
   704 | D:1      | 704 ||| READING scroll labelled SECELIUREST.
   705 | D:1      | 705 ||| READING scroll labelled IMYNWOR XUBB.
   710 | D:1      | 710 ||| READING scroll labelled AREMOSTROTUIN.
   711 | D:1      | 711 ||| READING scroll labelled JEEWKUL FIAH.
   812 | D:1      | 812 ||| DROPPING 3 scrolls of fear.
   885 | D:2      | 885 ||| FLEEEEING.
  1169 | D:2      | Reached XP level 4. HP: 24/28 MP: 4/4
  1171 | D:2      | 1171 ||| Stepping ~*~*~tactically~*~*~ (stealth).
  1191 | D:2      | Found a faded altar of an unknown god.
  1192 | D:2      | 1192 ||| Stepping ~*~*~tactically~*~*~ (stealth).
  1298 | D:2      | 1298 ||| UPGRADING to +0 cloak.
  1303 | D:2      | 1303 ||| READING scroll labelled YMENILI BONI.
  1304 | D:2      | 1304 ||| READING scroll labelled XODULA OMIEPACE.
  1305 | D:2      | 1305 ||| READING scroll labelled LUD BEOCIPE.
  1319 | D:3      | Noticed Natasha
  1319 | D:3      | Found Aruy's Antique Armour Shoppe.
  1327 | D:3      | Killed Natasha
  1328 | D:3      | Reached skill level 4 in Axes
  1328 | D:3      | HP: 2/28 [orc priest/divine providence (9)]
  1328 | D:3      | Slain by an orc

Levels and vault maps discovered:
D:1:      scummos_arrival_gate, layout_loops_ring, nicolae_nh_oracle_at_delphi
D:2:      layout_rooms, chequers_ecumenical_altar_simple
D:3:      layout_rooms, serial_shops, shop, chequers_jeans, uniq_natasha

Skill      XL: |  1  2  3  4 |
---------------+-------------+-----
Axes           | 2 3 4 |  4.1
Fighting       | |  3.2
Armour         | |  3.2
Shields        | |  3.2

Action                     |  1- 3 |  4- 6 || total
---------------------------+-------+-------++-------
  Melee: War axe           |   119 |    24 ||   143
    Use: Scroll            |     5 |     3 ||     8
 Armour: Scale mail        |    66 |    15 ||    81
  Dodge: Dodged            |    63 |    17 ||    80
  Block: Buckler           |    14 |     3 ||    17

Table legend:
 A = Non-vault XP
 B = Vault XP
 C = Vault XP percentage of total XP
 D = Non-vault monster count
 E = Vault monster count
 F = Vault count percentage of total count
                 A         B        C        D         E       F
            +---------+---------+-------+---------+---------+-------
      Total |      83 |      39 |  32.0 |      41 |       3 |   6.8
            +---------+---------+-------+---------+---------+-------
        D:1 |      34 |       4 |  10.5 |      19 |       2 |   9.5
        D:2 |      49 |       0 |   0.0 |      22 |       0 |   0.0
        D:3 |       0 |      35 | 100.0 |       0 |       1 | 100.0
            +---------+---------+-------+---------+---------+-------
